Lightning vs MapleLeafs

Created - 27 novembre 2017 at 20:06

Goals
1 2 3 OT1 SO T
Lightning 1 2 0 0 2 4
MapleLeafs 2 0 1 0 1 3
Shots
1 2 3 OT1 SO T
Lightning 7 18 11 4 6 40
MapleLeafs 11 10 9 3 6 33

1st period

1. Lightning , Jeff Carter 15 (Kevin Klein 5) at 0:55
2. MapleLeafs , Dmitry Kulikov 4 (Marc Methot 17, David Krejci 17) at 2:52 (PP)
3. MapleLeafs , Nazem Kadri 12 (T.J. Oshie 13, Milan Lucic 7) at 18:43

Penalties :
Dennis Wideman (TBL) for Hooking (Minor) at 2:21, Beau Bennett (TOR) for Holding (Minor) at 4:33, Corey Crawford (TOR) for Delaying the game (Minor) at 11:52 - Milan Lucic served the penalty.

2nd period

4. Lightning , Henrik Zetterberg 12 (Andrej Sekera 15, Jeff Carter 24) at 2:11 (SH)
5. Lightning , Matt Hendricks 4 (Henrik Sedin 10, Patric Hornqvist 16) at 15:08

Penalties :
Troy Brouwer (TBL) for Slashing (Minor) at 1:05, Milan Lucic (TOR) for Interference (Minor) at 4:48, Tobias Rieder (TBL) for Interference (Minor) at 4:48, Brent Seabrook (TOR) for Boarding (Minor) at 13:01, Cody Franson (TOR) for Hooking (Minor) at 18:50

3rd period

6. MapleLeafs , T.J. Oshie 18 (Milan Lucic 8, Nazem Kadri 11) at 5:15

Penalties :
Corey Crawford (TOR) for Slashing (Minor) at 0:58 - Zach Bogosian served the penalty., Marc Methot (TOR) for Holding (Minor) at 9:34, Patric Hornqvist (TBL) for Holding (Minor) at 14:57, Tanner Glass (TOR) for Holding (Minor) at 17:36

Overtime #1

No Goal

Penalties :
No Penalty

Shootout

Penalty Shot by Henrik Zetterberg for Lightning - Shot Misses the Net
Penalty Shot by T.J. Oshie for MapleLeafs - Shot Misses the Net
Penalty Shot by Jeff Carter for Lightning - Stopped by Corey Crawford
Penalty Shot by Nazem Kadri for MapleLeafs - Stopped by Jaroslav Halak
Penalty Shot by Henrik Sedin for Lightning - Stopped by Corey Crawford
Penalty Shot by David Krejci for MapleLeafs - Shot Misses the Net
Penalty Shot by Travis Zajac for Lightning - Goal!
Penalty Shot by Mikael Backlund for MapleLeafs - Goal!
Penalty Shot by Johnny Gaudreau for Lightning - Stopped by Corey Crawford
Penalty Shot by Milan Lucic for MapleLeafs - Shot Misses the Net
Penalty Shot by Teddy Purcell for Lightning - Goal!
Penalty Shot by Reilly Smith for MapleLeafs - Stopped by Jaroslav Halak

Penalties :
No Penalty

Goalie Stats

Jaroslav Halak (TBL), 30 saves from 33 shots - (0.909), W, 1-2-0, 65:00 minutes
Corey Crawford (TOR), 37 saves from 40 shots - (0.925), OTL, 11-12-1, 65:00 minutes

Players Stats for Lightning

Player Name              G  A  P  +/- PIM S  H  SB GA TA FO     MP     PP MP  PK MP  
------------------------------------------------------------------------------------
Andrej Sekera            0  1  1   1  0   4  2  0  0  0  0/0    27:32   7:32   2:27 
Dennis Wideman           0  0  0   1  2   0  0  1  0  0  0/0    15:13   0:00   0:30 
Erik Gudbranson          0  0  0   1  0   0  1  0  0  0  0/0    18:09   0:42   2:27 
Henrik Sedin             0  1  1   0  0   5  0  0  0  0  8/17   17:12   0:43   1:02 
Henrik Zetterberg        1  0  1   0  0   3  0  0  0  0  28/41  26:23   6:05   2:44 
Jeff Carter              1  1  2   2  0   6  1  0  0  0  6/19   23:05   7:05   3:15 
Johnny Gaudreau          0  0  0  -1  0   2  0  0  0  0  0/4    21:56   7:48   0:00 
Kevin Klein              0  1  1   0  0   2  1  1  0  0  0/0    22:35   6:21   1:32 
Kyle Quincey             0  0  0  -1  0   1  1  1  0  0  0/0    20:17   6:21   1:52 
Matt Hendricks           1  0  1   0  0   2  2  0  0  0  0/0    11:26   0:00   0:00 
Patric Hornqvist         0  1  1  -1  2   4  2  0  0  0  1/6    20:49   7:06   0:00 
Remi Elie                0  0  0   0  0   0  0  0  0  0  0/0     0:00   0:00   0:00 
Teddy Purcell            0  0  0   0  0   2  0  0  0  0  1/1    13:14   0:42   0:00 
Tobias Rieder            0  0  0   1  2   4  0  0  0  0  0/0    18:38   6:05   0:00 
Travis Zajac             0  0  0   0  0   1  1  0  0  0  5/9    10:03   0:00   1:47 
Trevor Daley             0  0  0   0  0   1  0  1  0  0  0/0    21:13   6:50   0:10 
Troy Brouwer             0  0  0   1  2   1  1  1  0  0  0/1    15:36   6:05   0:00 
Vernon Fiddler           0  0  0   0  0   2  0  0  0  0  0/0     5:07   0:00   0:10 

Players Stats for MapleLeafs

Player Name              G  A  P  +/- PIM S  H  SB GA TA FO     MP     PP MP  PK MP  
------------------------------------------------------------------------------------
Adam Erne                0  0  0  -1  0   1  2  1  0  0  0/1     6:41   0:00   0:22 
Beau Bennett             0  0  0  -1  2   0  2  0  0  0  0/0    14:02   2:25   0:00 
Brent Seabrook           0  0  0  -2  2   2  1  3  0  0  0/0    25:09   2:45   7:07 
Christopher DiDomenico   0  0  0  -1  0   0  0  0  0  0  0/1     6:19   0:00   0:00 
Cody Franson             0  0  0   0  2   0  2  1  0  0  0/0    14:31   0:00   0:47 
David Krejci             0  1  1  -1  0   7  1  0  0  0  15/26  22:06   2:39   4:31 
Dmitry Kulikov           1  0  1   1  0   2  2  1  0  0  0/0    21:17   1:44   5:23 
Karl Alzner              0  0  0  -2  0   2  2  1  0  0  0/0    26:20   2:45   7:21 
Marc Methot              0  1  1   1  2   2  3  1  0  0  0/0    21:30   1:44   4:43 
Marek Hrivik             0  0  0   0  0   3  0  0  0  0  1/1    10:25   0:00   1:09 
Mikael Backlund          0  0  0   0  0   2  0  0  0  0  5/13   16:47   0:00   4:56 
Milan Lucic              0  2  2   1  2   2  1  0  0  0  1/4    15:09   1:50   0:00 
Nazem Kadri              1  1  2   1  0   4  2  1  0  0  11/23  25:36   1:50   8:13 
Reilly Smith             0  0  0  -1  0   1  0  0  0  0  3/5    15:11   2:39   0:00 
Scott Laughton           0  0  0  -1  0   1  1  1  0  0  1/4     6:19   0:00   0:00 
T.J. Oshie               1  1  2   1  0   3  1  0  0  0  12/19  26:01   1:50   8:35 
Tanner Glass             0  0  0   0  2   1  1  0  0  0  0/1     9:29   0:14   0:00 
Zach Bogosian            0  0  0   0  0   0  1  0  0  0  0/0    16:10   0:00   2:25 

3 Stars

1 - Jeff Carter (TBL)
2 - Nazem Kadri (TOR)
3 - T.J. Oshie (TOR)

Power Play

Lightning - 0 on 7 Attempt(s) - 0.00%
MapleLeafs - 1 on 3 Attempt(s) - 33.33%

Penalty Kill

Lightning - 2 on 3 Attempt(s) - 66.67% - Score 1 goal in Penalty Kill
MapleLeafs - 7 on 7 Attempt(s) - 100.00% - Score 0 goal in Penalty Kill

Team Stat

Lightning - Hits : 12 - Faceoff Wins : 49 - Blocked Shots : 5 - Penalty Minutes : 8
MapleLeafs - Hits : 22 - Faceoff Wins : 49 - Blocked Shots : 10 - Penalty Minutes : 16

Official

Referees : Brad Watson and Tom Kowal
Linesman : Andy McElman and Lonnie Cameron

Game Notes

No Game Note

Finance

Level 1 -- Attendance: 5200 (80.00%) -- Ticket Income 598 000 $
Level 2 -- Attendance: 4451 (89.02%) -- Ticket Income 356 080 $
Level 3 -- Attendance: 2616 (74.74%) -- Ticket Income 183 120 $
Level 4 -- Attendance: 2068 (73.36%) -- Ticket Income 93 060 $
Luxury Box -- Attendance: 970 (97.00%) -- Ticket Income 218 250 $
Game was played at the Air Canada Center.
Total Attendance: 15305 (81.33%)
Total Ticket Income: 1 448 510 $
Other Income: 217 276 $
Total Income: 1 665 786 $

% Time on Ice - Lightning

Lines # - Real PCT - Wanted PCT - Time Play
Normal Forward
1 - 35% - 40% - 13:44
2 - 24% - 30% - 9:32
3 - 29% - 20% - 11:26
4 - 12% - 10% - 4:57
Normal Defense
1 - 33% - 40% - 13:02
2 - 27% - 30% - 10:51
3 - 38% - 20% - 15:12
4 - 1% - 10% - 0:34
PP Forward
1 - 56% - 60% - 7:48
2 - 44% - 40% - 6:05
PP Defense
1 - 54% - 60% - 7:32
2 - 46% - 40% - 6:21
PK Forward
1 - 81% - 60% - 3:37
2 - 19% - 40% - 0:52
PK Defense
1 - 55% - 60% - 2:27
2 - 45% - 40% - 2:02
PK3 Forward
1 - 0% - 60%
2 - 0% - 40%
PK3 Defense
1 - 0% - 60%
2 - 0% - 40%
44 Forward
1 - 29% - 60% - 0:35
2 - 71% - 40% - 1:24
44 Defense
1 - 71% - 60% - 1:24
2 - 29% - 40% - 0:35
Last Minute Offensive  - 0:00
Last Minute Defensive  - 0:00
Total
Forward - 60:00
Defense - 60:00

% Time on Ice - MapleLeafs

Lines # - Real PCT - Wanted PCT - Time Play
Normal Forward
1 - 31% - 35% - 12:26
2 - 29% - 29% - 11:38
3 - 23% - 23% - 9:16
4 - 16% - 13% - 6:19
Normal Defense
1 - 32% - 40% - 12:48
2 - 33% - 30% - 12:55
3 - 35% - 20% - 13:45
4 - 0% - 10% - 0:11
PP Forward
1 - 41% - 56% - 1:50
2 - 59% - 44% - 2:39
PP Defense
1 - 61% - 60% - 2:45
2 - 39% - 40% - 1:44
PK Forward
1 - 64% - 60% - 8:57
2 - 36% - 40% - 4:56
PK Defense
1 - 56% - 60% - 7:43
2 - 44% - 40% - 6:10
PK3 Forward
1 - 0% - 60%
2 - 0% - 40%
PK3 Defense
1 - 0% - 60%
2 - 0% - 40%
44 Forward
1 - 63% - 60% - 1:15
2 - 37% - 40% - 0:44
44 Defense
1 - 37% - 60% - 0:44
2 - 63% - 40% - 1:15
Last Minute Offensive  - 0:00
Last Minute Defensive  - 0:00
Total
Forward - 60:00
Defense - 60:00

Play by Play

1st period


0:01 of 1st period - Milan Lucic wins face-off versus Henrik Zetterberg in neutral zone.
0:20 of 1st period - Shot by Johnny Gaudreau.
0:20 of 1st period - Shot Misses the Net.
0:55 of 1st period - Shot by Jeff Carter.
0:55 of 1st period - Goal by Jeff Carter - Lightning : 1 - MapleLeafs : 0.
0:56 of 1st period - Henrik Sedin wins face-off versus David Krejci in neutral zone.
1:12 of 1st period - Shot by David Krejci.
1:12 of 1st period - Stopped by Jaroslav Halak without a rebound.
1:13 of 1st period - Marek Hrivik wins face-off versus Jeff Carter in Lightning zone.
2:10 of 1st period - Shot by Dmitry Kulikov.
2:10 of 1st period - Stopped by Jaroslav Halak without a rebound.
2:11 of 1st period - Henrik Sedin wins face-off versus Christopher DiDomenico in Lightning zone.
2:16 of 1st period - Shot by Adam Erne.
2:16 of 1st period - Stopped by Jaroslav Halak with a rebound.
2:21 of 1st period - Minor Penalty to Dennis Wideman for Hooking.
2:22 of 1st period - T.J. Oshie wins face-off versus Henrik Zetterberg in Lightning zone.
2:46 of 1st period - Shot by Nazem Kadri.
2:46 of 1st period - Stopped by Jaroslav Halak without a rebound.
2:47 of 1st period - David Krejci wins face-off versus Henrik Sedin in Lightning zone.
2:48 of 1st period - Shot by Dmitry Kulikov.
2:48 of 1st period - Shot Misses the Net.
2:50 of 1st period - Shot by Marc Methot.
2:50 of 1st period - Shot Misses the Net.
2:52 of 1st period - Shot by Dmitry Kulikov.
2:52 of 1st period - Goal by Dmitry Kulikov - Lightning : 1 - MapleLeafs : 1.
2:53 of 1st period - Reilly Smith wins face-off versus Patric Hornqvist in neutral zone.
2:56 of 1st period - Shot by David Krejci.
2:56 of 1st period - Stopped by Jaroslav Halak without a rebound.
2:57 of 1st period - Henrik Zetterberg wins face-off versus Reilly Smith in Lightning zone.
3:03 of 1st period - Off-side.
3:04 of 1st period - Travis Zajac wins face-off versus Adam Erne in neutral zone.
3:04 of 1st period - Travis Zajac is hit by Adam Erne.
3:07 of 1st period - Trevor Daley is hit by Marc Methot and loses puck.
3:16 of 1st period - Shot by Adam Erne.
3:16 of 1st period - Deflect By Christopher DiDomenico.
3:16 of 1st period - Shot Misses the Net.
3:18 of 1st period - Shot by Scott Laughton.
3:18 of 1st period - Stopped by Jaroslav Halak without a rebound.
3:19 of 1st period - Henrik Zetterberg wins face-off versus Nazem Kadri in Lightning zone.
3:26 of 1st period - Shot by Henrik Zetterberg.
3:26 of 1st period - Shot Blocked by Brent Seabrook.
3:38 of 1st period - Shot by Nazem Kadri.
3:38 of 1st period - Stopped by Jaroslav Halak without a rebound.
3:39 of 1st period - David Krejci wins face-off versus Henrik Sedin in Lightning zone.
4:17 of 1st period - Marc Methot is hit by Andrej Sekera and loses puck.
4:33 of 1st period - Minor Penalty to Beau Bennett for Holding.
4:34 of 1st period - T.J. Oshie wins face-off versus Jeff Carter in MapleLeafs zone.
5:27 of 1st period - Andrej Sekera is hit by David Krejci and loses puck.
5:57 of 1st period - Icing by Patric Hornqvist.
5:58 of 1st period - T.J. Oshie wins face-off versus Jeff Carter in Lightning zone.
5:58 of 1st period - T.J. Oshie is hit by Kyle Quincey.
6:33 of 1st period - Icing by Andrej Sekera.
6:34 of 1st period - Henrik Sedin wins face-off versus Scott Laughton in Lightning zone.
6:34 of 1st period - Henrik Sedin is hit by Scott Laughton.
6:44 of 1st period - Shot by Teddy Purcell.
6:44 of 1st period - Stopped by Corey Crawford with a rebound.
7:04 of 1st period - Henrik Sedin is hit by Zach Bogosian.
7:41 of 1st period - Shot by Vernon Fiddler.
7:41 of 1st period - Stopped by Corey Crawford without a rebound.
7:42 of 1st period - Henrik Zetterberg wins face-off versus David Krejci in MapleLeafs zone.
8:12 of 1st period - Icing by Kyle Quincey.
8:13 of 1st period - Henrik Zetterberg wins face-off versus Nazem Kadri in Lightning zone.
8:13 of 1st period - Henrik Zetterberg is hit by Nazem Kadri.
8:45 of 1st period - Shot by Milan Lucic.
8:45 of 1st period - Shot Misses the Net.
9:06 of 1st period - Off-side.
9:07 of 1st period - Teddy Purcell wins face-off versus Mikael Backlund in neutral zone.
9:55 of 1st period - Off-side.
9:56 of 1st period - David Krejci wins face-off versus Henrik Zetterberg in neutral zone.
9:58 of 1st period - Off-side.
9:59 of 1st period - David Krejci wins face-off versus Henrik Zetterberg in neutral zone.
11:52 of 1st period - Shot by Henrik Sedin.
11:52 of 1st period - Stopped by Corey Crawford without a rebound.
11:52 of 1st period - Minor Penalty to Corey Crawford for Delaying the game.
11:53 of 1st period - Patric Hornqvist wins face-off versus T.J. Oshie in MapleLeafs zone.
13:01 of 1st period - Shot by Tobias Rieder.
13:01 of 1st period - Deflect By Henrik Zetterberg.
13:01 of 1st period - Shot Misses the Net.
14:03 of 1st period - Zach Bogosian is hit by Travis Zajac and loses puck.
14:12 of 1st period - Shot by Vernon Fiddler.
14:12 of 1st period - Shot Misses the Net.
14:14 of 1st period - Shot by Vernon Fiddler.
14:14 of 1st period - Shot Misses the Net.
14:48 of 1st period - Zach Bogosian is hit by Matt Hendricks and loses puck.
14:59 of 1st period - Shot by Henrik Sedin.
14:59 of 1st period - Shot Misses the Net.
15:01 of 1st period - Shot by Teddy Purcell.
15:01 of 1st period - Deflect By Henrik Sedin.
15:01 of 1st period - Stopped by Corey Crawford without a rebound.
15:02 of 1st period - Jeff Carter wins face-off versus David Krejci in MapleLeafs zone.
15:32 of 1st period - Shot by Reilly Smith.
15:32 of 1st period - Shot Misses the Net.
16:05 of 1st period - Reilly Smith is hit by Matt Hendricks and loses puck.
17:01 of 1st period - Tobias Rieder is hit by Karl Alzner and loses puck.
17:20 of 1st period - Icing by Karl Alzner.
17:21 of 1st period - Nazem Kadri wins face-off versus Jeff Carter in MapleLeafs zone.
17:32 of 1st period - Shot by Milan Lucic.
17:32 of 1st period - Shot Misses the Net.
17:41 of 1st period - Icing by Troy Brouwer.
17:42 of 1st period - Mikael Backlund wins face-off versus Jeff Carter in Lightning zone.
17:42 of 1st period - Mikael Backlund is hit by Kevin Klein.
17:48 of 1st period - Shot by Mikael Backlund.
17:48 of 1st period - Stopped by Jaroslav Halak without a rebound.
17:49 of 1st period - Henrik Zetterberg wins face-off versus Mikael Backlund in Lightning zone.
17:58 of 1st period - Mikael Backlund is hit by Patric Hornqvist and loses puck.
18:05 of 1st period - Shot by Johnny Gaudreau.
18:05 of 1st period - Shot Misses the Net.
18:07 of 1st period - Shot by Andrej Sekera.
18:07 of 1st period - Stopped by Corey Crawford with a rebound.
18:35 of 1st period - Shot by Teddy Purcell.
18:35 of 1st period - Stopped by Corey Crawford without a rebound.
18:36 of 1st period - Nazem Kadri wins face-off versus Henrik Sedin in MapleLeafs zone.
18:43 of 1st period - Shot by T.J. Oshie.
18:43 of 1st period - Deflect By Nazem Kadri.
18:43 of 1st period - Goal by Nazem Kadri - Lightning : 1 - MapleLeafs : 2.
18:44 of 1st period - Jeff Carter wins face-off versus Nazem Kadri in neutral zone.
18:44 of 1st period - Tobias Rieder is hit by T.J. Oshie and loses puck.
18:53 of 1st period - Icing by Jeff Carter.
18:54 of 1st period - Jeff Carter wins face-off versus Scott Laughton in Lightning zone.
19:22 of 1st period - Shot by Marc Methot.
19:22 of 1st period - Stopped by Jaroslav Halak without a rebound.
19:23 of 1st period - Henrik Zetterberg wins face-off versus Nazem Kadri in Lightning zone.
19:43 of 1st period - Shot by Henrik Zetterberg.
19:43 of 1st period - Shot Misses the Net.
19:59 of 1st period - Johnny Gaudreau is hit by Milan Lucic and loses puck.
Goals for this period are 1 for Lightning vs 2 for MapleLeafs.
Shots for this period are 7 for Lightning vs 11 for MapleLeafs.

2nd period


0:01 of 2nd period - Henrik Zetterberg wins face-off versus Nazem Kadri in neutral zone.
1:05 of 2nd period - Minor Penalty to Troy Brouwer for Slashing.
1:06 of 2nd period - Travis Zajac wins face-off versus David Krejci in Lightning zone.
1:17 of 2nd period - Shot by Henrik Zetterberg.
1:17 of 2nd period - Shot Blocked by Dmitry Kulikov.
1:30 of 2nd period - Shot by Marc Methot.
1:30 of 2nd period - Stopped by Jaroslav Halak without a rebound.
1:31 of 2nd period - Nazem Kadri wins face-off versus Travis Zajac in Lightning zone.
1:38 of 2nd period - Shot by Milan Lucic.
1:38 of 2nd period - Shot Misses the Net.
1:40 of 2nd period - Shot by Milan Lucic.
1:40 of 2nd period - Shot Misses the Net.
1:42 of 2nd period - Shot by Karl Alzner.
1:42 of 2nd period - Stopped by Jaroslav Halak without a rebound.
1:43 of 2nd period - David Krejci wins face-off versus Henrik Zetterberg in Lightning zone.
1:46 of 2nd period - Shot by David Krejci.
1:46 of 2nd period - Shot Blocked by Kevin Klein.
2:07 of 2nd period - Shot by Jeff Carter.
2:07 of 2nd period - Shot Misses the Net.
2:09 of 2nd period - Shot by Andrej Sekera.
2:09 of 2nd period - Shot Misses the Net.
2:11 of 2nd period - Shot by Henrik Zetterberg.
2:11 of 2nd period - Goal by Henrik Zetterberg - Lightning : 2 - MapleLeafs : 2.
2:12 of 2nd period - T.J. Oshie wins face-off versus Henrik Sedin in neutral zone.
2:24 of 2nd period - Nazem Kadri is hit by Erik Gudbranson and loses puck.
2:36 of 2nd period - Icing by Dmitry Kulikov.
2:37 of 2nd period - Henrik Zetterberg wins face-off versus Milan Lucic in MapleLeafs zone.
2:42 of 2nd period - Shot by Henrik Zetterberg.
2:42 of 2nd period - Stopped by Corey Crawford with a rebound.
2:44 of 2nd period - Shot by Andrej Sekera.
2:44 of 2nd period - Stopped by Corey Crawford without a rebound.
2:45 of 2nd period - Henrik Zetterberg wins face-off versus David Krejci in MapleLeafs zone.
3:14 of 2nd period - Shot by Marek Hrivik.
3:14 of 2nd period - Stopped by Jaroslav Halak without a rebound.
3:15 of 2nd period - Nazem Kadri wins face-off versus Henrik Sedin in Lightning zone.
3:26 of 2nd period - Shot by Nazem Kadri.
3:26 of 2nd period - Shot Misses the Net.
3:32 of 2nd period - Shot by T.J. Oshie.
3:32 of 2nd period - Shot Misses the Net.
3:42 of 2nd period - Shot by Nazem Kadri.
3:42 of 2nd period - Stopped by Jaroslav Halak without a rebound.
3:43 of 2nd period - Mikael Backlund wins face-off versus Johnny Gaudreau in Lightning zone.
4:00 of 2nd period - Shot by Mikael Backlund.
4:00 of 2nd period - Shot Misses the Net.
4:47 of 2nd period - Off-side.
4:48 of 2nd period - Jeff Carter wins face-off versus Nazem Kadri in neutral zone.
4:48 of 2nd period - Minor Penalty to Milan Lucic for Interference.
4:48 of 2nd period - Minor Penalty to Tobias Rieder for Interference.
4:49 of 2nd period - T.J. Oshie wins face-off versus Henrik Zetterberg in neutral zone.
5:01 of 2nd period - Shot by Nazem Kadri.
5:01 of 2nd period - Shot Blocked by Kyle Quincey.
5:15 of 2nd period - Shot by Henrik Zetterberg.
5:15 of 2nd period - Shot Misses the Net.
6:23 of 2nd period - Shot by T.J. Oshie.
6:23 of 2nd period - Shot Misses the Net.
7:22 of 2nd period - Jeff Carter is hit by Adam Erne and loses puck.
7:49 of 2nd period - Shot by David Krejci.
7:49 of 2nd period - Stopped by Jaroslav Halak without a rebound.
7:50 of 2nd period - Henrik Zetterberg wins face-off versus Mikael Backlund in Lightning zone.
8:03 of 2nd period - Shot by Johnny Gaudreau.
8:03 of 2nd period - Stopped by Corey Crawford without a rebound.
8:04 of 2nd period - David Krejci wins face-off versus Patric Hornqvist in MapleLeafs zone.
8:09 of 2nd period - Shot by Reilly Smith.
8:09 of 2nd period - Stopped by Jaroslav Halak with a rebound.
8:11 of 2nd period - Shot by Brent Seabrook.
8:11 of 2nd period - Stopped by Jaroslav Halak without a rebound.
8:12 of 2nd period - Nazem Kadri wins face-off versus Henrik Zetterberg in Lightning zone.
8:49 of 2nd period - Shot by T.J. Oshie.
8:49 of 2nd period - Stopped by Jaroslav Halak without a rebound.
8:50 of 2nd period - Mikael Backlund wins face-off versus Henrik Sedin in Lightning zone.
9:02 of 2nd period - Andrej Sekera is hit by Tanner Glass and loses puck.
10:18 of 2nd period - Off-side.
10:19 of 2nd period - Henrik Zetterberg wins face-off versus Nazem Kadri in neutral zone.
11:36 of 2nd period - Shot by Vernon Fiddler.
11:36 of 2nd period - Stopped by Corey Crawford without a rebound.
11:37 of 2nd period - Henrik Sedin wins face-off versus Mikael Backlund in MapleLeafs zone.
11:56 of 2nd period - Shot by Trevor Daley.
11:56 of 2nd period - Shot Misses the Net.
11:58 of 2nd period - Shot by Matt Hendricks.
11:58 of 2nd period - Stopped by Corey Crawford without a rebound.
11:59 of 2nd period - Reilly Smith wins face-off versus Jeff Carter in MapleLeafs zone.
12:12 of 2nd period - Shot by David Krejci.
12:12 of 2nd period - Stopped by Jaroslav Halak without a rebound.
12:13 of 2nd period - Henrik Zetterberg wins face-off versus Nazem Kadri in Lightning zone.
12:13 of 2nd period - Henrik Zetterberg is hit by Nazem Kadri.
12:25 of 2nd period - Shot by Patric Hornqvist.
12:25 of 2nd period - Stopped by Corey Crawford without a rebound.
12:26 of 2nd period - David Krejci wins face-off versus Troy Brouwer in MapleLeafs zone.
12:26 of 2nd period - David Krejci is hit by Troy Brouwer.
12:34 of 2nd period - Shot by David Krejci.
12:34 of 2nd period - Stopped by Jaroslav Halak without a rebound.
12:35 of 2nd period - Nazem Kadri wins face-off versus Henrik Zetterberg in Lightning zone.
12:42 of 2nd period - Shot by Milan Lucic.
12:42 of 2nd period - Deflect By Nazem Kadri.
12:42 of 2nd period - Shot Misses the Net.
13:00 of 2nd period - Shot by Johnny Gaudreau.
13:00 of 2nd period - Shot Misses the Net.
13:01 of 2nd period - Minor Penalty to Brent Seabrook for Boarding.
13:02 of 2nd period - Henrik Zetterberg wins face-off versus T.J. Oshie in MapleLeafs zone.
13:03 of 2nd period - Shot by Tobias Rieder.
13:03 of 2nd period - Stopped by Corey Crawford without a rebound.
13:04 of 2nd period - Henrik Zetterberg wins face-off versus T.J. Oshie in MapleLeafs zone.
13:04 of 2nd period - Henrik Zetterberg is hit by Dmitry Kulikov.
13:20 of 2nd period - Shot by Tobias Rieder.
13:20 of 2nd period - Shot Misses the Net.
13:26 of 2nd period - Shot by Kevin Klein.
13:26 of 2nd period - Shot Misses the Net.
13:28 of 2nd period - Shot by Kyle Quincey.
13:28 of 2nd period - Stopped by Corey Crawford without a rebound.
13:29 of 2nd period - T.J. Oshie wins face-off versus Patric Hornqvist in MapleLeafs zone.
13:29 of 2nd period - T.J. Oshie is hit by Jeff Carter.
13:50 of 2nd period - Off-side.
13:51 of 2nd period - Henrik Zetterberg wins face-off versus David Krejci in neutral zone.
14:44 of 2nd period - Shot by Patric Hornqvist.
14:44 of 2nd period - Stopped by Corey Crawford without a rebound.
14:45 of 2nd period - David Krejci wins face-off versus Johnny Gaudreau in MapleLeafs zone.
15:06 of 2nd period - Shot by Matt Hendricks.
15:06 of 2nd period - Shot Blocked by Adam Erne.
15:08 of 2nd period - Shot by Matt Hendricks.
15:08 of 2nd period - Goal by Matt Hendricks - Lightning : 3 - MapleLeafs : 2.
15:09 of 2nd period - Henrik Sedin wins face-off versus David Krejci in neutral zone.
15:31 of 2nd period - Off-side.
15:32 of 2nd period - Mikael Backlund wins face-off versus Henrik Zetterberg in neutral zone.
16:28 of 2nd period - Shot by Jeff Carter.
16:28 of 2nd period - Shot Misses the Net.
16:30 of 2nd period - Shot by Troy Brouwer.
16:30 of 2nd period - Shot Misses the Net.
16:32 of 2nd period - Shot by Jeff Carter.
16:32 of 2nd period - Stopped by Corey Crawford with a rebound.
16:36 of 2nd period - Shot by Jeff Carter.
16:36 of 2nd period - Stopped by Corey Crawford without a rebound.
16:37 of 2nd period - Henrik Sedin wins face-off versus David Krejci in MapleLeafs zone.
17:02 of 2nd period - Shot by Beau Bennett.
17:02 of 2nd period - Shot Blocked by Dennis Wideman.
17:04 of 2nd period - Shot by David Krejci.
17:04 of 2nd period - Shot Misses the Net.
17:09 of 2nd period - Icing by Erik Gudbranson.
17:10 of 2nd period - Nazem Kadri wins face-off versus Henrik Sedin in Lightning zone.
17:41 of 2nd period - Shot by Milan Lucic.
17:41 of 2nd period - Shot Misses the Net.
18:11 of 2nd period - Shot by Henrik Zetterberg.
18:11 of 2nd period - Shot Misses the Net.
18:13 of 2nd period - Shot by Trevor Daley.
18:13 of 2nd period - Stopped by Corey Crawford without a rebound.
18:14 of 2nd period - David Krejci wins face-off versus Jeff Carter in MapleLeafs zone.
18:23 of 2nd period - Shot by Jeff Carter.
18:23 of 2nd period - Stopped by Corey Crawford with a rebound.
18:25 of 2nd period - Shot by Tobias Rieder.
18:25 of 2nd period - Deflect By Jeff Carter.
18:25 of 2nd period - Stopped by Corey Crawford without a rebound.
18:26 of 2nd period - Henrik Zetterberg wins face-off versus Mikael Backlund in MapleLeafs zone.
18:28 of 2nd period - Patric Hornqvist is hit by Cody Franson and loses puck.
18:50 of 2nd period - Minor Penalty to Cody Franson for Hooking.
18:51 of 2nd period - Henrik Zetterberg wins face-off versus T.J. Oshie in MapleLeafs zone.
18:58 of 2nd period - Shot by Henrik Zetterberg.
18:58 of 2nd period - Shot Blocked by Karl Alzner.
19:14 of 2nd period - Shot by Kevin Klein.
19:14 of 2nd period - Stopped by Corey Crawford with a rebound.
19:16 of 2nd period - Shot by Kevin Klein.
19:16 of 2nd period - Stopped by Corey Crawford without a rebound.
19:17 of 2nd period - Jeff Carter wins face-off versus David Krejci in MapleLeafs zone.
Goals for this period are 2 for Lightning vs 0 for MapleLeafs.
Shots for this period are 18 for Lightning vs 10 for MapleLeafs.

3rd period


0:01 of 3rd period - Nazem Kadri wins face-off versus Jeff Carter in neutral zone.
0:58 of 3rd period - Shot by Tobias Rieder.
0:58 of 3rd period - Stopped by Corey Crawford without a rebound.
0:58 of 3rd period - Minor Penalty to Corey Crawford for Slashing.
0:59 of 3rd period - T.J. Oshie wins face-off versus Henrik Zetterberg in MapleLeafs zone.
1:12 of 3rd period - Shot by Troy Brouwer.
1:12 of 3rd period - Shot Blocked by Brent Seabrook.
2:02 of 3rd period - Shot by Patric Hornqvist.
2:02 of 3rd period - Shot Misses the Net.
2:04 of 3rd period - Shot by Andrej Sekera.
2:04 of 3rd period - Stopped by Corey Crawford without a rebound.
2:05 of 3rd period - Henrik Zetterberg wins face-off versus T.J. Oshie in MapleLeafs zone.
2:08 of 3rd period - Shot by Henrik Zetterberg.
2:08 of 3rd period - Stopped by Corey Crawford without a rebound.
2:09 of 3rd period - Henrik Zetterberg wins face-off versus T.J. Oshie in MapleLeafs zone.
2:57 of 3rd period - Shot by Johnny Gaudreau.
2:57 of 3rd period - Shot Misses the Net.
2:59 of 3rd period - Shot by Teddy Purcell.
2:59 of 3rd period - Shot Blocked by Scott Laughton.
3:03 of 3rd period - Shot by Henrik Sedin.
3:03 of 3rd period - Stopped by Corey Crawford without a rebound.
3:04 of 3rd period - Reilly Smith wins face-off versus Henrik Sedin in MapleLeafs zone.
3:32 of 3rd period - Henrik Sedin is hit by Cody Franson and loses puck.
3:36 of 3rd period - Icing by Cody Franson.
3:37 of 3rd period - David Krejci wins face-off versus Henrik Zetterberg in MapleLeafs zone.
4:19 of 3rd period - Shot by Marek Hrivik.
4:19 of 3rd period - Stopped by Jaroslav Halak with a rebound.
4:43 of 3rd period - Shot by Milan Lucic.
4:43 of 3rd period - Stopped by Jaroslav Halak with a rebound.
5:11 of 3rd period - Shot by T.J. Oshie.
5:11 of 3rd period - Shot Misses the Net.
5:13 of 3rd period - Shot by Milan Lucic.
5:13 of 3rd period - Shot Misses the Net.
5:15 of 3rd period - Shot by T.J. Oshie.
5:15 of 3rd period - Goal by T.J. Oshie - Lightning : 3 - MapleLeafs : 3.
5:16 of 3rd period - Scott Laughton wins face-off versus Jeff Carter in neutral zone.
5:26 of 3rd period - Christopher DiDomenico is hit by Andrej Sekera and loses puck.
5:41 of 3rd period - Shot by Adam Erne.
5:41 of 3rd period - Shot Blocked by Troy Brouwer.
5:43 of 3rd period - Shot by Scott Laughton.
5:43 of 3rd period - Shot Blocked by Trevor Daley.
6:00 of 3rd period - Andrej Sekera is hit by Karl Alzner and loses puck.
6:26 of 3rd period - Shot by Reilly Smith.
6:26 of 3rd period - Shot Misses the Net.
6:50 of 3rd period - Shot by Milan Lucic.
6:50 of 3rd period - Shot Misses the Net.
7:00 of 3rd period - Shot by Milan Lucic.
7:00 of 3rd period - Stopped by Jaroslav Halak without a rebound.
7:01 of 3rd period - Henrik Sedin wins face-off versus Mikael Backlund in Lightning zone.
7:13 of 3rd period - Erik Gudbranson is hit by Marc Methot.
7:36 of 3rd period - Shot by Henrik Sedin.
7:36 of 3rd period - Shot Misses the Net.
8:19 of 3rd period - Icing by Zach Bogosian.
8:20 of 3rd period - Nazem Kadri wins face-off versus Travis Zajac in MapleLeafs zone.
9:04 of 3rd period - Icing by Travis Zajac.
9:05 of 3rd period - Travis Zajac wins face-off versus David Krejci in Lightning zone.
9:05 of 3rd period - Travis Zajac is hit by Beau Bennett.
9:22 of 3rd period - Off-side.
9:23 of 3rd period - Henrik Zetterberg wins face-off versus Scott Laughton in neutral zone.
9:31 of 3rd period - Henrik Zetterberg is hit by Marc Methot and loses puck.
9:34 of 3rd period - Shot by Patric Hornqvist.
9:34 of 3rd period - Stopped by Corey Crawford without a rebound.
9:34 of 3rd period - Minor Penalty to Marc Methot for Holding.
9:35 of 3rd period - Henrik Zetterberg wins face-off versus Nazem Kadri in MapleLeafs zone.
10:08 of 3rd period - Shot by Tobias Rieder.
10:08 of 3rd period - Stopped by Corey Crawford without a rebound.
10:09 of 3rd period - T.J. Oshie wins face-off versus Johnny Gaudreau in MapleLeafs zone.
10:37 of 3rd period - Icing by Andrej Sekera.
10:38 of 3rd period - T.J. Oshie wins face-off versus Jeff Carter in Lightning zone.
10:47 of 3rd period - Shot by T.J. Oshie.
10:47 of 3rd period - Stopped by Jaroslav Halak without a rebound.
10:48 of 3rd period - Henrik Zetterberg wins face-off versus Mikael Backlund in Lightning zone.
11:11 of 3rd period - Shot by Troy Brouwer.
11:11 of 3rd period - Stopped by Corey Crawford without a rebound.
11:12 of 3rd period - T.J. Oshie wins face-off versus Johnny Gaudreau in MapleLeafs zone.
11:12 of 3rd period - Nazem Kadri is hit by Patric Hornqvist and loses puck.
11:30 of 3rd period - Shot by Andrej Sekera.
11:30 of 3rd period - Shot Misses the Net.
12:38 of 3rd period - Tobias Rieder is hit by Brent Seabrook and loses puck.
13:15 of 3rd period - Johnny Gaudreau is hit by Beau Bennett and loses puck.
13:36 of 3rd period - Shot by Patric Hornqvist.
13:36 of 3rd period - Shot Misses the Net.
13:38 of 3rd period - Shot by Patric Hornqvist.
13:38 of 3rd period - Shot Misses the Net.
13:40 of 3rd period - Shot by Andrej Sekera.
13:40 of 3rd period - Stopped by Corey Crawford without a rebound.
13:41 of 3rd period - Jeff Carter wins face-off versus Mikael Backlund in MapleLeafs zone.
13:42 of 3rd period - Shot by Troy Brouwer.
13:42 of 3rd period - Shot Blocked by Cody Franson.
13:52 of 3rd period - Shot by Tobias Rieder.
13:52 of 3rd period - Shot Misses the Net.
14:02 of 3rd period - Shot by Mikael Backlund.
14:02 of 3rd period - Shot Misses the Net.
14:14 of 3rd period - Shot by Marek Hrivik.
14:14 of 3rd period - Stopped by Jaroslav Halak without a rebound.
14:15 of 3rd period - Nazem Kadri wins face-off versus Henrik Sedin in Lightning zone.
14:18 of 3rd period - Shot by Milan Lucic.
14:18 of 3rd period - Shot Misses the Net.
14:57 of 3rd period - Minor Penalty to Patric Hornqvist for Holding.
14:58 of 3rd period - David Krejci wins face-off versus Henrik Zetterberg in Lightning zone.
14:59 of 3rd period - Shot by Karl Alzner.
14:59 of 3rd period - Stopped by Jaroslav Halak with a rebound.
16:27 of 3rd period - Shot by David Krejci.
16:27 of 3rd period - Shot Misses the Net.
16:29 of 3rd period - Shot by Tanner Glass.
16:29 of 3rd period - Stopped by Jaroslav Halak without a rebound.
16:30 of 3rd period - Henrik Zetterberg wins face-off versus Reilly Smith in Lightning zone.
17:03 of 3rd period - Shot by David Krejci.
17:03 of 3rd period - Stopped by Jaroslav Halak without a rebound.
17:04 of 3rd period - Travis Zajac wins face-off versus Tanner Glass in Lightning zone.
17:06 of 3rd period - Icing by Dennis Wideman.
17:07 of 3rd period - Mikael Backlund wins face-off versus Travis Zajac in Lightning zone.
17:36 of 3rd period - Minor Penalty to Tanner Glass for Holding.
17:37 of 3rd period - T.J. Oshie wins face-off versus Jeff Carter in MapleLeafs zone.
17:43 of 3rd period - Icing by Andrej Sekera.
17:44 of 3rd period - T.J. Oshie wins face-off versus Patric Hornqvist in Lightning zone.
17:57 of 3rd period - Shot by Trevor Daley.
17:57 of 3rd period - Shot Misses the Net.
17:59 of 3rd period - Shot by Andrej Sekera.
17:59 of 3rd period - Deflect By Johnny Gaudreau.
17:59 of 3rd period - Shot Blocked by Nazem Kadri.
18:01 of 3rd period - Shot by Jeff Carter.
18:01 of 3rd period - Shot Blocked by Brent Seabrook.
18:03 of 3rd period - Shot by Johnny Gaudreau.
18:03 of 3rd period - Stopped by Corey Crawford without a rebound.
18:04 of 3rd period - Henrik Zetterberg wins face-off versus T.J. Oshie in MapleLeafs zone.
18:04 of 3rd period - Henrik Zetterberg is hit by Dmitry Kulikov.
18:12 of 3rd period - Shot by Henrik Zetterberg.
18:12 of 3rd period - Shot Misses the Net.
18:16 of 3rd period - Shot by Tobias Rieder.
18:16 of 3rd period - Stopped by Corey Crawford with a rebound.
18:18 of 3rd period - Shot by Kevin Klein.
18:18 of 3rd period - Shot Blocked by Marc Methot.
18:20 of 3rd period - Shot by Kyle Quincey.
18:20 of 3rd period - Shot Misses the Net.
18:27 of 3rd period - Off-side.
18:28 of 3rd period - David Krejci wins face-off versus Patric Hornqvist in neutral zone.
19:05 of 3rd period - Shot by Patric Hornqvist.
19:05 of 3rd period - Stopped by Corey Crawford without a rebound.
19:06 of 3rd period - David Krejci wins face-off versus Henrik Zetterberg in MapleLeafs zone.
19:41 of 3rd period - Shot by Teddy Purcell.
19:41 of 3rd period - Shot Misses the Net.
Goals for this period are 0 for Lightning vs 1 for MapleLeafs.
Shots for this period are 11 for Lightning vs 9 for MapleLeafs.

Overtime #1


0:01 of 1st overtime period - Henrik Zetterberg wins face-off versus Nazem Kadri in neutral zone.
0:07 of 1st overtime period - Icing by Brent Seabrook.
0:08 of 1st overtime period - Henrik Zetterberg wins face-off versus Nazem Kadri in MapleLeafs zone.
0:09 of 1st overtime period - Shot by Henrik Sedin.
0:09 of 1st overtime period - Stopped by Corey Crawford without a rebound.
0:10 of 1st overtime period - David Krejci wins face-off versus Jeff Carter in MapleLeafs zone.
0:20 of 1st overtime period - Shot by Jeff Carter.
0:20 of 1st overtime period - Shot Misses the Net.
0:32 of 1st overtime period - Shot by Henrik Sedin.
0:32 of 1st overtime period - Stopped by Corey Crawford without a rebound.
0:33 of 1st overtime period - Henrik Zetterberg wins face-off versus David Krejci in MapleLeafs zone.
0:40 of 1st overtime period - Shot by Jeff Carter.
0:40 of 1st overtime period - Shot Misses the Net.
0:52 of 1st overtime period - Shot by Jeff Carter.
0:52 of 1st overtime period - Stopped by Corey Crawford without a rebound.
0:53 of 1st overtime period - Henrik Zetterberg wins face-off versus Nazem Kadri in MapleLeafs zone.
1:25 of 1st overtime period - Shot by Henrik Zetterberg.
1:25 of 1st overtime period - Deflect By Henrik Sedin.
1:25 of 1st overtime period - Shot Misses the Net.
2:17 of 1st overtime period - Shot by David Krejci.
2:17 of 1st overtime period - Stopped by Jaroslav Halak without a rebound.
2:18 of 1st overtime period - Henrik Sedin wins face-off versus Milan Lucic in Lightning zone.
2:41 of 1st overtime period - Icing by Milan Lucic.
2:42 of 1st overtime period - Travis Zajac wins face-off versus Milan Lucic in MapleLeafs zone.
3:01 of 1st overtime period - Shot by Henrik Zetterberg.
3:01 of 1st overtime period - Shot Misses the Net.
3:11 of 1st overtime period - Shot by Travis Zajac.
3:11 of 1st overtime period - Stopped by Corey Crawford without a rebound.
3:12 of 1st overtime period - Nazem Kadri wins face-off versus Jeff Carter in MapleLeafs zone.
3:35 of 1st overtime period - Shot by Nazem Kadri.
3:35 of 1st overtime period - Shot Misses the Net.
3:37 of 1st overtime period - Shot by T.J. Oshie.
3:37 of 1st overtime period - Shot Misses the Net.
3:39 of 1st overtime period - Shot by T.J. Oshie.
3:39 of 1st overtime period - Shot Misses the Net.
3:41 of 1st overtime period - Shot by Brent Seabrook.
3:41 of 1st overtime period - Stopped by Jaroslav Halak without a rebound.
3:42 of 1st overtime period - David Krejci wins face-off versus Travis Zajac in Lightning zone.
3:49 of 1st overtime period - Shot by Mikael Backlund.
3:49 of 1st overtime period - Stopped by Jaroslav Halak with a rebound.
4:15 of 1st overtime period - Shot by Travis Zajac.
4:15 of 1st overtime period - Shot Misses the Net.
Goals for this period are 0 for Lightning vs 0 for MapleLeafs.
Shots for this period are 4 for Lightning vs 3 for MapleLeafs.

ShootOut


5:00 of 1st overtime period - Penalty Shot by Henrik Zetterberg for Lightning.
5:00 of 1st overtime period - Shot Misses the Net.
5:00 of 1st overtime period - Penalty Shot by T.J. Oshie for MapleLeafs.
5:00 of 1st overtime period - Shot Misses the Net.
5:00 of 1st overtime period - Penalty Shot by Jeff Carter for Lightning.
5:00 of 1st overtime period - Stopped by Corey Crawford.
5:00 of 1st overtime period - Penalty Shot by Nazem Kadri for MapleLeafs.
5:00 of 1st overtime period - Stopped by Jaroslav Halak.
5:00 of 1st overtime period - Penalty Shot by Henrik Sedin for Lightning.
5:00 of 1st overtime period - Stopped by Corey Crawford.
5:00 of 1st overtime period - Penalty Shot by David Krejci for MapleLeafs.
5:00 of 1st overtime period - Shot Misses the Net.
5:00 of 1st overtime period - Penalty Shot by Travis Zajac for Lightning.
5:00 of 1st overtime period - Goal by Travis Zajac.
5:00 of 1st overtime period - Penalty Shot by Mikael Backlund for MapleLeafs.
5:00 of 1st overtime period - Goal by Mikael Backlund.
5:00 of 1st overtime period - Penalty Shot by Johnny Gaudreau for Lightning.
5:00 of 1st overtime period - Stopped by Corey Crawford.
5:00 of 1st overtime period - Penalty Shot by Milan Lucic for MapleLeafs.
5:00 of 1st overtime period - Shot Misses the Net.
5:00 of 1st overtime period - Penalty Shot by Teddy Purcell for Lightning.
5:00 of 1st overtime period - Goal by Teddy Purcell.
5:00 of 1st overtime period - Penalty Shot by Reilly Smith for MapleLeafs.
5:00 of 1st overtime period - Stopped by Jaroslav Halak.